 Dungeon Crawl Stone Soup version 0.26.1-2-gb8aa6d0cf2 (webtiles) character file.

Game seed: 14438724196443655937

448 Descartes the Magician (level 6, -2/32 HPs)
             Began as a Deep Elf Wanderer on Mar 26, 2021.
             Slain by an ice beast (11 damage)
             ... on level 5 of the Dungeon.
             The game lasted 00:17:07 (5925 turns).

Descartes the Magician (Deep Elf Wanderer)          Turns: 5925, Time: 00:17:07

Health: -2/32      AC:  5    Str: 13    XL:     6   Next: 73%
Magic:  11/15      EV: 12    Int: 22    God:
Gold:   219        SH:  0    Dex: 11    Spells: 14/15 levels left

rFire    . . .     SeeInvis .   G - +5 mace of Fear {speed, +Blink rElec Will+ Str+4}
rCold    . . .     Faith    .   (no shield)
rNeg     + . .     Spirit   .   e - +0 robe
rPois    .         Reflect  .   u - +0 helmet
rElec    +         Harm     .   v - +0 cloak
rCorr    .         Rampage  .   C - +0 pair of gloves
Will     +....                  (no boots)
Stlth    +.........             (no amulet)
HPRegen  0.10/turn              y - ring of positive energy
MPRegen  0.14/turn              (no ring)

@: no status effects
A: no striking features
a: Evoke Blink


You were on level 5 of the Dungeon.
You visited 1 branch of the dungeon, and saw 5 of its levels.

You collected 219 gold pieces.

Inventory:

Hand Weapons
 a - a +0 hand crossbow
 r - a +2 dagger of venom
 s - a +2 antimagic mace
 G - the +5 mace of Fear (weapon) {speed, +Blink rElec Will+ Str+4}
   (You found it on level 4 of the Dungeon)

   Attacks with this weapon are significantly faster.
   It affects your strength (+4).
   It insulates you from electricity.
   It affects your willpower, your defense against some magical effects.
   It lets you blink.
Missiles
 b - 47 sling bullets
 c - 100 bolts
 j - 10 boomerangs
 l - 129 stones
 m - 78 arrows
 J - 4 javelins
 L - 3 poisoned darts
Armour
 e - a +0 robe (worn)
 t - a +0 animal skin
 u - a +0 helmet (worn)
 v - a +0 cloak (worn)
 C - a +0 pair of gloves (worn)
 H - a cursed +0 chain mail
Jewellery
 y - a ring of positive energy (left hand)
Wands
 d - a wand of random effects (15)
 K - a wand of digging (2)
Scrolls
 g - a scroll of enchant armour {unknown}
 k - a scroll of fear {unknown}
 n - 3 scrolls of teleportation {unknown}
 p - a scroll of enchant weapon {unknown}
 x - 2 scrolls of noise {unknown}
 B - 4 scrolls of identify {unknown}
 D - a scroll of blinking {unknown}
 E - a scroll of magic mapping {unknown}
 F - a scroll of remove curse {unknown}
Potions
 f - a potion of magic {unknown}
 h - a potion of degeneration {unknown}
 i - 2 potions of curing {unknown}
 o - a potion of lignification {unknown}
 q - a potion of mutation {unknown}
 w - a potion of cancellation {unknown}
 z - a potion of might {unknown}
 A - a potion of ambrosia {unknown}
 I - a potion of invisibility {unknown}


   Skills:
 - Level 2.6 Crossbows
 - Level 1.0 Throwing
 + Level 1.9 Dodging
 - Level 5.0 Spellcasting
 - Level 5.0 Conjurations
 - Level 1.1 Ice Magic
 - Level 1.1 Earth Magic
 - Level 5.0 Evocations


You had 14 spell levels left.
You knew the following spells:

 Your Spells              Type           Power        Failure   Level
a - Magic Dart            Conj           100%         1%          1

Your spell library contained the following spells:

 Spells                   Type           Power        Failure   Level
 Animate Skeleton         Necr           10%          10%         1
 Apportation              Tloc           10%          10%         1
 Corona                   Hex            5%           10%         1
 Summon Small Mammal      Summ           20%          10%         1
 Conjure Flame            Conj/Fire      16%          11%         3
 Blink                    Tloc           N/A          16%         2
 Call Imp                 Summ           5%           16%         2
 Slow                     Hex            5%           16%         2
 Mephitic Cloud           Conj/Pois/Air  12%          16%         3


Dungeon Overview and Level Annotations

Branches:
Dungeon (5/15)
 Temple: D:4-7

Altars:
Elyvilon
Yredelemnul


Message History

The ice beast is severely wounded.
The ice beast hits you. The ice beast freezes you!
You hit the ice beast.
The ice beast is severely wounded.
The ice beast completely misses you.
You barely miss the ice beast.
The ice beast is severely wounded.
The ice beast hits you. The ice beast freezes you.
You are too injured to fight recklessly!
You are too injured to fight recklessly!
You are too injured to fight recklessly!
You closely miss the ice beast.
The ice beast is severely wounded.
The ice beast closely misses you.
You completely miss the ice beast.
The ice beast is severely wounded.
The ice beast hits you.
* * * LOW HITPOINT WARNING * * *
The ice beast freezes you!
You die...

......+..........###.....#.#.....
...####.....####.# #..†....#.....
##.#........# #.######.##.#.....
...#.#......####...............##
...........................#...##
.......................[.........
.#.#......#.####.#....##.#.#....#
.#.#.#.#..#.# #.#....+..........
.#.#.#.#..#.# #@#....##...#.#..#
.#.#.#.#..#.# #Y########..#.#..#
.......#..#.# #.. ......#..#
..........#.. .... .....#.#..#
#####....#... ..... .#.#.#.#..#
............ ....... # .. #.#
#####....#.# .....#.# ..#
####.#.# #...#.#+# ..# #.#.#


You could see an ice beast.

Vanquished Creatures
  A bullfrog zombie (D:4)
  An orc priest (D:2)
  A centaur zombie (D:5)
  A centaur skeleton (D:4)
  A hound (D:4)
  An iguana (D:3)
  2 worker ants (D:4)
  Robin (D:1)
  A worker ant zombie (D:5)
  3 gnolls (D:3)
  A howler monkey skeleton (D:5)
  5 adders
  An ooze (D:1)
  A worm (D:3)
  4 dart slugs
  5 leopard geckos
  9 orcs
  3 ball pythons
  3 giant cockroaches
  14 goblins
  9 hobgoblins
  5 jackals
  2 quokkas (D:2)
  7 bats
  3 frilled lizards
  A jackal skeleton (D:4)
  8 kobolds
  3 rats
97 creatures vanquished.

Vanquished Creatures (others)
  A quokka (D:2)
  9 plants (D:1)
10 creatures vanquished.

Grand Total: 107 creatures vanquished

Notes
Turn   | Place    | Note
-------+----------+-------------------------------------------
     0 | D:1      | Descartes the Deep Elf Wanderer began the quest for the
                  | Orb.
     0 | D:1      | Descartes set off with the following items: a +0 hand
                  | crossbow, 23 bolts, a wand of random effects (15), a +0
                  | robe; and the following spell memorised: Magic Dart; and
                  | the following spells available to memorise: Blink, Call
                  | Imp, Slow, Conjure Flame, Mephitic Cloud
     0 | D:1      | Reached XP level 1. HP: 10/10 MP: 7/7
   140 | D:1      | Reached skill level 1 in Conjurations
   232 | D:1      | Reached XP level 2. HP: 15/15 MP: 6/9
   540 | D:1      | Reached skill level 5 in Spellcasting
   786 | D:1      | Reached XP level 3. HP: 19/19 MP: 6/11
  1525 | D:2      | Reached XP level 4. HP: 24/24 MP: 9/13
  1834 | D:2      | Found a white marble altar of Elyvilon.
  1882 | D:2      | Noticed Robin
  2073 | D:1      | Killed Robin
  2075 | D:1      | Reached XP level 5. HP: 18/28 MP: 2/14
  2673 | D:2      | Reached skill level 5 in Conjurations
  4053 | D:4      | Reached XP level 6. HP: 29/32 MP: 8/15
  4830 | D:4      | Got an iridescent mace
  4831 | D:4      | Identified the +5 mace of Fear {speed, +Blink rElec Will+
                  | Str+4} (You found it on level 4 of the Dungeon)
  5266 | D:4      | Found a basalt altar of Yredelemnul.
  5511 | D:5      | Entered Level 5 of the Dungeon
  5567 | D:5      | Reached skill level 5 in Evocations
  5567 | D:5      | Reached skill level 1 in Dodging
  5914 | D:5      | Noticed an ice beast
  5925 | D:5      | Slain by an ice beast

Illustrated notes

Levels and vault maps discovered:
D:1:      tarquinn_simple_flora_water_a, layout_basic
D:2:      layout_basic, elyvilon_altar_4, uniq_robin
D:3:      layout_loops_ring
D:4:      layout_basic, kennysheep_mini_moat
D:5:      layout_basic, basic_altar

Skill      XL: |  1  2  3  4  5  6 |
---------------+-------------------+-----
Conjurations   | 1 2 3 4 5 |  5.0
Spellcasting   | 5 |  5.0
Evocations     | 3 5 |  5.0
Dodging        | 1 |  1.9
Crossbows      | |  2.6
Throwing       | |  1.0
Ice Magic      | |  1.1
Earth Magic    | |  1.1

Action                   |  1- 3 |  4- 6 || total
-------------------------+-------+-------++-------
Melee: Mace              |       |    18 ||    18
 Cast: Magic Dart        |    95 |   168 ||   263
Armor: Robe              |     4 |    14 ||    18
Dodge: Dodged            |    14 |    35 ||    49
